ST. LOUIS Blues vs VEGAS Golden Knights

Created - 16 novembre 2018 at 16:26

Goals
1 2 3 T
ST. LOUIS Blues 3 1 1 5
VEGAS Golden Knights 3 0 0 3
Shots
1 2 3 T
ST. LOUIS Blues 8 10 13 31
VEGAS Golden Knights 15 10 11 36

1st period

1. VEGAS Golden Knights , Cody Eakin 4 (Benoit Pouliot 3, Markus Granlund 6) at 5:31
2. VEGAS Golden Knights , Mattias Janmark 7 (Calle Jarnkrok 10, Nick Bjugstad 5) at 11:07 (PP)
3. VEGAS Golden Knights , Markus Granlund 5 (Benoit Pouliot 4, Justin Braun 9) at 11:39
4. ST. LOUIS Blues , Anders Lee 5 (P.K. Subban 7, Marcus Johansson 6) at 13:12 (PP)
5. ST. LOUIS Blues , John Moore 2 (Connor Brown 2, Erik Haula 5) at 15:42
6. ST. LOUIS Blues , Mikael Granlund 5 (Jonathan Marchessault 9, Ben Lovejoy 6) at 19:00

Penalties :
Oscar Klefbom (STL) for Hooking (Minor) at 9:50, Brenden Dillon (VGK) for Hooking (Minor) at 12:48, Marc Methot (VGK) for Hooking (Minor) at 16:19

2nd period

7. ST. LOUIS Blues , Jonathan Marchessault 6 (Claude Giroux 12, P.K. Subban 8) at 18:15

Penalties :
Jonathan Marchessault (STL) for Hooking (Minor) at 1:08, Cody Eakin (VGK) for Holding (Minor) at 18:58

3rd period

8. ST. LOUIS Blues , Oscar Klefbom 3 (Paul Stastny 3, Marcus Johansson 7) at 6:38 (PP)

Penalties :
Zack Kassian (VGK) for Interference (Minor) at 3:24, Zack Kassian (VGK) for Interference (Minor) at 5:37, John Moore (STL) for Holding (Minor) at 10:53, Nick Bjugstad (VGK) for Interference (Minor) at 15:46, P.K. Subban (STL) for Kneeing (Minor) at 15:46

Goalie Stats

Cam Ward (STL), 33 saves from 36 shots - (0,917), W, 8-3-4, 60:00 minutes
Charlie Lindgren (VGK), 26 saves from 31 shots - (0,839), L, 4-10-1, 60:00 minutes

Players Stats for ST. LOUIS Blues

Player Name              G  A  P  +/- PIM S  H  SB GA TA FO     MP     PP MP  PK MP  
------------------------------------------------------------------------------------
Anders Lee               1  0  1   0  0   4  2  0  0  0  1/1    16:21   4:16   0:29 
Andrei Markov            0  0  0   1  0   1  0  0  0  0  0/0    21:33   3:12   0:13 
Ben Lovejoy              0  1  1   0  0   2  2  1  0  0  0/0    18:01   0:00   2:09 
Brandon Tanev            0  0  0   0  0   0  1  0  0  0  0/0    10:49   0:00   0:00 
Claude Giroux            0  1  1   1  0   0  0  1  0  0  14/30  19:56   3:06   0:00 
Colin Miller             0  0  0   0  0   2  5  1  0  0  0/0    20:01   4:10   3:33 
Connor Brown             0  1  1   0  0   2  0  0  0  0  2/3    10:49   0:00   0:00 
Erik Haula               0  1  1   0  0   1  1  1  0  0  9/24   14:32   0:00   3:43 
John Moore               1  0  1   0  2   1  0  2  0  0  0/0    10:43   0:00   0:00 
Jonathan Marchessault    1  1  2   1  2   3  3  0  0  0  0/1    20:59   3:06   1:03 
Kevin Labanc             0  0  0   0  0   0  0  0  0  0  0/0     7:08   0:00   0:00 
Marcus Johansson         0  2  2   0  0   1  0  0  0  0  1/2    15:52   4:16   0:00 
Mikael Granlund          1  0  1   1  0   2  1  0  0  0  1/2    23:39   3:06   3:43 
Oscar Klefbom            1  0  1   0  2   3  1  3  0  0  0/0    23:30   4:10   1:29 
P.K. Subban              0  2  2   1  2   2  0  0  0  0  0/0    26:09   3:12   3:06 
Paul Stastny             0  1  1   0  0   3  0  1  0  0  10/19  16:52   4:16   0:00 
Sven Andrighetto         0  0  0   0  0   3  1  0  0  0  0/0     7:08   0:00   0:00 
Victor Rask              0  0  0   0  0   1  0  0  0  0  4/13    8:40   0:00   1:32 

Players Stats for VEGAS Golden Knights

Player Name              G  A  P  +/- PIM S  H  SB GA TA FO     MP     PP MP  PK MP  
------------------------------------------------------------------------------------
Antoine Roussel          0  0  0  -1  0   3  0  0  0  0  7/14   12:28   0:00   0:00 
Benoit Pouliot           0  2  2   1  0   0  2  0  0  0  0/0    16:53   0:00   0:00 
Brendan Smith            0  0  0  -1  0   1  3  0  0  0  0/0    20:16   2:07   2:42 
Brenden Dillon           0  0  0  -1  2   2  3  0  0  0  0/0    19:51   2:07   2:18 
Calle Jarnkrok           0  1  1   0  0   6  1  0  0  0  23/36  23:32   2:28   5:30 
Cody Eakin               1  0  1   1  2   1  0  0  0  0  8/19   16:06   0:00   0:00 
Connor Carrick           0  0  0  -1  0   0  2  0  0  0  0/0    13:33   0:00   0:24 
Joel Ward                0  0  0  -1  0   4  0  0  0  0  0/0    12:28   0:00   0:00 
Justin Braun             0  1  1   1  0   1  0  4  0  0  0/0    26:27   3:08   4:32 
Marc Methot              0  0  0   1  2   7  4  2  0  0  0/0    25:40   3:08   3:25 
Markus Granlund          1  1  2   1  0   2  0  1  0  0  0/1    20:38   2:47   1:44 
Matt Stajan              0  0  0  -1  0   0  0  0  0  0  6/12    5:23   2:47   0:08 
Mattias Janmark          1  0  1   0  0   3  1  0  0  0  3/5    23:32   2:28   5:30 
Michael Raffl            0  0  0  -1  0   0  1  0  0  0  1/1     5:23   2:47   0:08 
Mike Reilly              0  0  0  -1  0   0  0  1  0  0  0/0    14:11   0:00   1:23 
Nick Bjugstad            0  1  1   0  2   6  3  0  0  0  4/5    18:32   2:28   1:44 
Ryan Reaves              0  0  0  -1  0   0  0  0  0  0  0/1     3:14   0:00   0:00 
Zack Kassian             0  0  0  -1  4   0  0  0  0  0  1/1    12:26   0:00   0:00 

3 Stars

1 - Jonathan Marchessault (STL)
2 - Markus Granlund (VGK)
3 - Mikael Granlund (STL)

Power Play

ST. LOUIS Blues - 2 on 5 Attempt(s) - 40,00%
VEGAS Golden Knights - 1 on 3 Attempt(s) - 33,33%

Penalty Kill

ST. LOUIS Blues - 2 on 3 Attempt(s) - 66,67% - Score 0 goal in Penalty Kill
VEGAS Golden Knights - 3 on 5 Attempt(s) - 60,00% - Score 0 goal in Penalty Kill

Team Stat

ST. LOUIS Blues - Hits : 17 - Faceoff Wins : 42 - Blocked Shots : 10 - Penalty Minutes : 8
VEGAS Golden Knights - Hits : 20 - Faceoff Wins : 53 - Blocked Shots : 8 - Penalty Minutes : 12

Official

Referees : Unknown
Linesman : Unknown

Game Notes

No Game Note

Finance

Level 1 -- Attendance: 4823 (80,38%) -- Ticket Income 482 300 $
Level 2 -- Attendance: 3684 (73,68%) -- Ticket Income 221 040 $
Level 3 -- Attendance: 2000 (100,00%) -- Ticket Income 70 000 $
Level 4 -- Attendance: 2690 (67,25%) -- Ticket Income 67 250 $
Luxury Box -- Attendance: 757 (75,70%) -- Ticket Income 151 400 $
Game was played at the T-Mobile Arena.
Total Attendance: 13954 (77,52%)
Total Ticket Income: 991 990 $
Other Income: 386 876 $
Total Income: 1 378 866 $

ST. LOUIS Blues

5 vs 5 Forward 
   Center                   Left Wing                Right Wing               Time % Phy DF OF 
 1 Claude Giroux            Mikael Granlund          Jonathan Marchessault    37     1   1  3  
 2 Paul Stastny             Marcus Johansson         Anders Lee               25     1   1  3  
 3 Erik Haula               Brandon Tanev            Connor Brown             23     1   2  2  
 4 Victor Rask              Sven Andrighetto         Kevin Labanc             15     1   3  1  

5 vs 5 Defense 
   Defense                  Defense                                           Time % Phy DF OF 
 1 P.K. Subban              Andrei Markov                                     40     1   2  2  
 2 Oscar Klefbom            Ben Lovejoy                                       30     1   2  2  
 3 Colin Miller             John Moore                                        25     1   2  2  
 4 P.K. Subban              Oscar Klefbom                                     5      1   2  2  

PowerPlay Forward 
   Center                   Left Wing                Right Wing               Time % Phy DF OF 
 1 Claude Giroux            Mikael Granlund          Jonathan Marchessault    60     1   0  4  
 2 Paul Stastny             Marcus Johansson         Anders Lee               40     1   0  4  

PowerPlay Defense
   Defense                  Defense                                           Time % Phy DF OF 
 1 Andrei Markov            P.K. Subban                                       60     0   2  3  
 2 Colin Miller             Oscar Klefbom                                     40     0   2  3  

Penalty Kill 4 Players Forward 
   Center                   Wing                     Time % Phy DF OF 
 1 Erik Haula               Mikael Granlund          60     1   3  1  
 2 Victor Rask              Jonathan Marchessault    40     1   3  1  

Penalty Kill 4 Players Defense
   Defense                  Defense                  Time % Phy DF OF 
 1 Colin Miller             P.K. Subban              60     1   4  0  
 2 Ben Lovejoy              Oscar Klefbom            40     1   4  0  

Penalty Kill - 3 Players Forward 
   Forward                                           Time % Phy DF OF 
 1 Claude Giroux                                     60     1   3  1  
 2 Mikael Granlund                                   40     1   3  1  

Penalty Kill - 3 Players Defense
   Defense                  Defense                  Time % Phy DF OF 
 1 Colin Miller             Andrei Markov            60     1   4  0  
 2 Oscar Klefbom            Ben Lovejoy              40     1   4  0  

4 vs 4 Forward 
   Center                   Wing                     Time % Phy DF OF 
 1 Claude Giroux            Mikael Granlund          60     0   2  3  
 2 Paul Stastny             Jonathan Marchessault    40     0   2  3  

4 vs 4 Defense
   Defense                  Defense                  Time % Phy DF OF 
 1 P.K. Subban              Colin Miller             60     1   2  2  
 2 Oscar Klefbom            Ben Lovejoy              40     1   2  2  

Last Minutes Offensive
   Center                   Left Wing                Right Wing               Defense                  Defense                  
   Claude Giroux            Mikael Granlund          Anders Lee               P.K. Subban              Oscar Klefbom            

Last Minutes Defensive
   Center                   Left Wing                Right Wing               Defense                  Defense                  
   Erik Haula               Mikael Granlund          Connor Brown             P.K. Subban              Oscar Klefbom            

Goaltenders
Starting : Cam Ward                 
Backup : Curtis McElhinney        

Extra Forwards
Normal : Connor Brown, Marcus Johansson, Victor Rask - PP : Connor Brown, Marcus Johansson - PK : Victor Rask
Extra Defensemen
Normal : Oscar Klefbom, Ben Lovejoy, Colin Miller - PP : Oscar Klefbom - PK : Oscar Klefbom, Colin Miller
Penalty Shots
Jonathan Marchessault, Anders Lee, Erik Haula, Claude Giroux, P.K. Subban

VEGAS Golden Knights

5 vs 5 Forward 
   Center                   Left Wing                Right Wing               Time % Phy DF OF 
 1 Calle Jarnkrok           Mattias Janmark          Nick Bjugstad            40     1   2  2  
 2 Cody Eakin               Benoit Pouliot           Markus Granlund          30     1   2  2  
 3 Antoine Roussel          Joel Ward                Zack Kassian             25     5   0  0  
 4 Matt Stajan              Michael Raffl            Ryan Reaves              5      1   2  2  

5 vs 5 Defense 
   Defense                  Defense                                           Time % Phy DF OF 
 1 Justin Braun             Marc Methot                                       40     1   2  2  
 2 Brenden Dillon           Brendan Smith                                     30     1   2  2  
 3 Connor Carrick           Mike Reilly                                       20     1   2  2  
 4 Justin Braun             Marc Methot                                       10     1   2  2  

PowerPlay Forward 
   Center                   Left Wing                Right Wing               Time % Phy DF OF 
 1 Calle Jarnkrok           Mattias Janmark          Nick Bjugstad            60     1   2  2  
 2 Matt Stajan              Michael Raffl            Markus Granlund          40     1   2  2  

PowerPlay Defense
   Defense                  Defense                                           Time % Phy DF OF 
 1 Justin Braun             Marc Methot                                       60     1   2  2  
 2 Brenden Dillon           Brendan Smith                                     40     1   2  2  

Penalty Kill 4 Players Forward 
   Center                   Wing                     Time % Phy DF OF 
 1 Calle Jarnkrok           Mattias Janmark          60     1   2  2  
 2 Nick Bjugstad            Markus Granlund          40     1   2  2  

Penalty Kill 4 Players Defense
   Defense                  Defense                  Time % Phy DF OF 
 1 Justin Braun             Marc Methot              60     1   2  2  
 2 Brenden Dillon           Brendan Smith            40     1   2  2  

Penalty Kill - 3 Players Forward 
   Forward                                           Time % Phy DF OF 
 1 Calle Jarnkrok                                    60     1   2  2  
 2 Mattias Janmark                                   40     1   2  2  

Penalty Kill - 3 Players Defense
   Defense                  Defense                  Time % Phy DF OF 
 1 Justin Braun             Marc Methot              60     1   2  2  
 2 Brenden Dillon           Brendan Smith            40     1   2  2  

4 vs 4 Forward 
   Center                   Wing                     Time % Phy DF OF 
 1 Calle Jarnkrok           Mattias Janmark          60     1   2  2  
 2 Nick Bjugstad            Benoit Pouliot           40     1   2  2  

4 vs 4 Defense
   Defense                  Defense                  Time % Phy DF OF 
 1 Justin Braun             Marc Methot              60     1   2  2  
 2 Brenden Dillon           Brendan Smith            40     1   2  2  

Last Minutes Offensive
   Center                   Left Wing                Right Wing               Defense                  Defense                  
   Calle Jarnkrok           Mattias Janmark          Nick Bjugstad            Justin Braun             Marc Methot              

Last Minutes Defensive
   Center                   Left Wing                Right Wing               Defense                  Defense                  
   Calle Jarnkrok           Mattias Janmark          Nick Bjugstad            Justin Braun             Marc Methot              

Goaltenders
Starting : Charlie Lindgren         
Backup : Chad Johnson             

Extra Forwards
Normal : Ryan Reaves, Benoit Pouliot, Matt Stajan - PP : Ryan Reaves, Benoit Pouliot - PK : Matt Stajan
Extra Defensemen
Normal : Connor Carrick, Mike Reilly, Brenden Dillon - PP : Connor Carrick - PK : Mike Reilly, Brenden Dillon
Penalty Shots
Calle Jarnkrok, Mattias Janmark, Nick Bjugstad, Ryan Reaves, Markus Granlund


% Time on Ice - ST. LOUIS Blues

Lines # - Real PCT - Wanted PCT - Time Play
Normal Forward
1 - 35% - 37% - 15:51
2 - 26% - 25% - 11:36
3 - 24% - 23% - 10:49
4 - 16% - 15% - 7:08
Normal Defense
1 - 39% - 40% - 17:47
2 - 31% - 30% - 14:12
3 - 24% - 25% - 10:44
4 - 6% - 5% - 2:41
PP Forward
1 - 42% - 60% - 3:06
2 - 58% - 40% - 4:16
PP Defense
1 - 43% - 60% - 3:12
2 - 57% - 40% - 4:10
PK Forward
1 - 71% - 60% - 3:43
2 - 29% - 40% - 1:32
PK Defense
1 - 59% - 60% - 3:06
2 - 41% - 40% - 2:09
PK3 Forward
1 - 0% - 60%
2 - 0% - 40%
PK3 Defense
1 - 0% - 60%
2 - 0% - 40%
44 Forward
1 - 50% - 60% - 0:59
2 - 50% - 40% - 1:00
44 Defense
1 - 79% - 60% - 1:34
2 - 21% - 40% - 0:25
Last Minute Offensive  - 0:00
Last Minute Defensive  - 0:00
Total
Forward - 60:00
Defense - 60:00

% Time on Ice - VEGAS Golden Knights

Lines # - Real PCT - Wanted PCT - Time Play
Normal Forward
1 - 32% - 40% - 14:21
2 - 35% - 30% - 16:07
3 - 27% - 25% - 12:28
4 - 5% - 5% - 2:28
Normal Defense
1 - 38% - 40% - 17:07
2 - 31% - 30% - 14:14
3 - 28% - 20% - 12:48
4 - 3% - 10% - 1:15
PP Forward
1 - 47% - 60% - 2:28
2 - 53% - 40% - 2:47
PP Defense
1 - 60% - 60% - 3:08
2 - 40% - 40% - 2:07
PK Forward
1 - 76% - 60% - 5:38
2 - 24% - 40% - 1:44
PK Defense
1 - 63% - 60% - 4:40
2 - 37% - 40% - 2:42
PK3 Forward
1 - 0% - 60%
2 - 0% - 40%
PK3 Defense
1 - 0% - 60%
2 - 0% - 40%
44 Forward
1 - 61% - 60% - 1:13
2 - 39% - 40% - 0:46
44 Defense
1 - 39% - 60% - 0:46
2 - 61% - 40% - 1:13
Last Minute Offensive  - 0:00
Last Minute Defensive  - 0:00
Total
Forward - 60:00
Defense - 60:00

Play by Play

1st period


0:01 of 1st period - Calle Jarnkrok wins face-off versus Claude Giroux in neutral zone.
0:39 of 1st period - Icing by Mattias Janmark.
0:40 of 1st period - Calle Jarnkrok wins face-off versus Paul Stastny in VEGAS Golden Knights zone.
1:08 of 1st period - Shot by Paul Stastny.
1:08 of 1st period - Stopped by Charlie Lindgren without a rebound.
1:09 of 1st period - Connor Brown wins face-off versus Cody Eakin in VEGAS Golden Knights zone.
1:33 of 1st period - Icing by Markus Granlund.
1:34 of 1st period - Cody Eakin wins face-off versus Victor Rask in VEGAS Golden Knights zone.
2:05 of 1st period - Victor Rask is hit by Brendan Smith.
2:26 of 1st period - Icing by P.K. Subban.
2:27 of 1st period - Antoine Roussel wins face-off versus Victor Rask in ST. LOUIS Blues zone.
3:34 of 1st period - Icing by Justin Braun.
3:35 of 1st period - Matt Stajan wins face-off versus Claude Giroux in VEGAS Golden Knights zone.
4:03 of 1st period - Shot by Colin Miller.
4:03 of 1st period - Shot Misses the Net.
4:09 of 1st period - Shot by Mikael Granlund.
4:09 of 1st period - Shot Misses the Net.
4:42 of 1st period - Icing by Ben Lovejoy.
4:43 of 1st period - Paul Stastny wins face-off versus Antoine Roussel in ST. LOUIS Blues zone.
4:59 of 1st period - Off-side.
5:00 of 1st period - Erik Haula wins face-off versus Calle Jarnkrok in neutral zone.
5:16 of 1st period - Shot by Mattias Janmark.
5:16 of 1st period - Shot Misses the Net.
5:23 of 1st period - Icing by Erik Haula.
5:24 of 1st period - Cody Eakin wins face-off versus Erik Haula in ST. LOUIS Blues zone.
5:29 of 1st period - Shot by Benoit Pouliot.
5:29 of 1st period - Shot Blocked by John Moore.
5:31 of 1st period - Shot by Cody Eakin.
5:31 of 1st period - Goal by Cody Eakin - ST. LOUIS Blues : 0 - VEGAS Golden Knights : 1.
5:32 of 1st period - Claude Giroux wins face-off versus Cody Eakin in neutral zone.
5:48 of 1st period - Claude Giroux is hit by Marc Methot and loses puck.
6:35 of 1st period - Shot by Calle Jarnkrok.
6:35 of 1st period - Stopped by Cam Ward with a rebound.
6:51 of 1st period - Shot by Anders Lee.
6:51 of 1st period - Shot Misses the Net.
7:44 of 1st period - Colin Miller is hit by Connor Carrick and loses puck.
8:40 of 1st period - Shot by Sven Andrighetto.
8:40 of 1st period - Stopped by Charlie Lindgren without a rebound.
8:41 of 1st period - Matt Stajan wins face-off versus Claude Giroux in VEGAS Golden Knights zone.
8:52 of 1st period - Shot by Matt Stajan.
8:52 of 1st period - Shot Misses the Net.
8:54 of 1st period - Shot by Marc Methot.
8:54 of 1st period - Stopped by Cam Ward without a rebound.
8:55 of 1st period - Calle Jarnkrok wins face-off versus Paul Stastny in ST. LOUIS Blues zone.
9:36 of 1st period - Anders Lee is hit by Brenden Dillon and loses puck.
9:50 of 1st period - Minor Penalty to Oscar Klefbom for Hooking.
9:51 of 1st period - Matt Stajan wins face-off versus Erik Haula in ST. LOUIS Blues zone.
9:51 of 1st period - Matt Stajan is hit by Colin Miller.
9:53 of 1st period - Shot by Marc Methot.
9:53 of 1st period - Stopped by Cam Ward without a rebound.
9:54 of 1st period - Erik Haula wins face-off versus Matt Stajan in ST. LOUIS Blues zone.
10:11 of 1st period - Shot by Marc Methot.
10:11 of 1st period - Stopped by Cam Ward without a rebound.
10:12 of 1st period - Matt Stajan wins face-off versus Erik Haula in ST. LOUIS Blues zone.
10:40 of 1st period - Mikael Granlund is hit by Michael Raffl and loses puck.
10:45 of 1st period - Shot by Marc Methot.
10:45 of 1st period - Stopped by Cam Ward without a rebound.
10:46 of 1st period - Mattias Janmark wins face-off versus Victor Rask in ST. LOUIS Blues zone.
10:47 of 1st period - Shot by Nick Bjugstad.
10:47 of 1st period - Stopped by Cam Ward with a rebound.
10:52 of 1st period - Mattias Janmark is hit by Colin Miller and loses puck.
11:03 of 1st period - Shot by Nick Bjugstad.
11:03 of 1st period - Shot Misses the Net.
11:05 of 1st period - Shot by Calle Jarnkrok.
11:05 of 1st period - Stopped by Cam Ward with a rebound.
11:07 of 1st period - Shot by Mattias Janmark.
11:07 of 1st period - Goal by Mattias Janmark - ST. LOUIS Blues : 0 - VEGAS Golden Knights : 2.
11:08 of 1st period - Zack Kassian wins face-off versus Marcus Johansson in neutral zone.
11:13 of 1st period - Shot by Joel Ward.
11:13 of 1st period - Stopped by Cam Ward without a rebound.
11:14 of 1st period - Claude Giroux wins face-off versus Cody Eakin in ST. LOUIS Blues zone.
11:37 of 1st period - Shot by Benoit Pouliot.
11:37 of 1st period - Shot Blocked by Oscar Klefbom.
11:39 of 1st period - Shot by Benoit Pouliot.
11:39 of 1st period - Deflect By Markus Granlund.
11:39 of 1st period - Goal by Markus Granlund - ST. LOUIS Blues : 0 - VEGAS Golden Knights : 3.
11:40 of 1st period - Mattias Janmark wins face-off versus Erik Haula in neutral zone.
11:56 of 1st period - Shot by Mattias Janmark.
11:56 of 1st period - Stopped by Cam Ward without a rebound.
11:57 of 1st period - Claude Giroux wins face-off versus Antoine Roussel in ST. LOUIS Blues zone.
12:17 of 1st period - Shot by Antoine Roussel.
12:17 of 1st period - Stopped by Cam Ward with a rebound.
12:48 of 1st period - Minor Penalty to Brenden Dillon for Hooking.
12:49 of 1st period - Calle Jarnkrok wins face-off versus Paul Stastny in VEGAS Golden Knights zone.
13:10 of 1st period - Shot by P.K. Subban.
13:10 of 1st period - Shot Misses the Net.
13:12 of 1st period - Shot by Anders Lee.
13:12 of 1st period - Goal by Anders Lee - ST. LOUIS Blues : 1 - VEGAS Golden Knights : 3.
13:13 of 1st period - Cody Eakin wins face-off versus Erik Haula in neutral zone.
13:19 of 1st period - Colin Miller is hit by Brendan Smith and loses puck.
13:39 of 1st period - Connor Brown is hit by Brenden Dillon and loses puck.
14:02 of 1st period - Icing by Brenden Dillon.
14:03 of 1st period - Paul Stastny wins face-off versus Markus Granlund in VEGAS Golden Knights zone.
14:43 of 1st period - Shot by Marcus Johansson.
14:43 of 1st period - Shot Misses the Net.
15:02 of 1st period - Icing by Ben Lovejoy.
15:03 of 1st period - Claude Giroux wins face-off versus Calle Jarnkrok in ST. LOUIS Blues zone.
15:18 of 1st period - Shot by Calle Jarnkrok.
15:18 of 1st period - Shot Blocked by Claude Giroux.
15:20 of 1st period - Shot by Calle Jarnkrok.
15:20 of 1st period - Stopped by Cam Ward without a rebound.
15:21 of 1st period - Antoine Roussel wins face-off versus Erik Haula in ST. LOUIS Blues zone.
15:42 of 1st period - Shot by John Moore.
15:42 of 1st period - Goal by John Moore - ST. LOUIS Blues : 2 - VEGAS Golden Knights : 3.
15:43 of 1st period - Claude Giroux wins face-off versus Mattias Janmark in neutral zone.
15:48 of 1st period - Shot by Mikael Granlund.
15:48 of 1st period - Shot Misses the Net.
15:50 of 1st period - Shot by Claude Giroux.
15:50 of 1st period - Shot Misses the Net.
15:52 of 1st period - Shot by Mikael Granlund.
15:52 of 1st period - Stopped by Charlie Lindgren without a rebound.
15:53 of 1st period - Calle Jarnkrok wins face-off versus Paul Stastny in VEGAS Golden Knights zone.
15:53 of 1st period - Calle Jarnkrok is hit by Anders Lee.
15:56 of 1st period - Icing by Justin Braun.
15:57 of 1st period - Nick Bjugstad wins face-off versus Claude Giroux in VEGAS Golden Knights zone.
16:09 of 1st period - Mikael Granlund is hit by Marc Methot and loses puck.
16:19 of 1st period - Minor Penalty to Marc Methot for Hooking.
16:20 of 1st period - Paul Stastny wins face-off versus Calle Jarnkrok in VEGAS Golden Knights zone.
16:21 of 1st period - Shot by Oscar Klefbom.
16:21 of 1st period - Shot Misses the Net.
16:34 of 1st period - Shot by Colin Miller.
16:34 of 1st period - Stopped by Charlie Lindgren without a rebound.
16:35 of 1st period - Mattias Janmark wins face-off versus Claude Giroux in VEGAS Golden Knights zone.
17:01 of 1st period - Shot by Jonathan Marchessault.
17:01 of 1st period - Shot Misses the Net.
17:03 of 1st period - Shot by P.K. Subban.
17:03 of 1st period - Shot Misses the Net.
18:21 of 1st period - Icing by Mike Reilly.
18:22 of 1st period - Antoine Roussel wins face-off versus Erik Haula in VEGAS Golden Knights zone.
18:39 of 1st period - Shot by Antoine Roussel.
18:39 of 1st period - Deflect By Joel Ward.
18:39 of 1st period - Stopped by Cam Ward without a rebound.
18:40 of 1st period - Matt Stajan wins face-off versus Mikael Granlund in ST. LOUIS Blues zone.
19:00 of 1st period - Shot by Mikael Granlund.
19:00 of 1st period - Goal by Mikael Granlund - ST. LOUIS Blues : 3 - VEGAS Golden Knights : 3.
19:01 of 1st period - Antoine Roussel wins face-off versus Erik Haula in neutral zone.
19:37 of 1st period - Shot by Erik Haula.
19:37 of 1st period - Deflect By Connor Brown.
19:37 of 1st period - Stopped by Charlie Lindgren with a rebound.
19:45 of 1st period - Icing by Marc Methot.
19:46 of 1st period - Antoine Roussel wins face-off versus Claude Giroux in VEGAS Golden Knights zone.
Goals for this period are 3 for ST. LOUIS Blues vs 3 for VEGAS Golden Knights.
Shots for this period are 8 for ST. LOUIS Blues vs 15 for VEGAS Golden Knights.

2nd period


0:01 of 2nd period - Calle Jarnkrok wins face-off versus Paul Stastny in neutral zone.
0:03 of 2nd period - Off-side.
0:04 of 2nd period - Calle Jarnkrok wins face-off versus Jonathan Marchessault in neutral zone.
0:14 of 2nd period - Off-side.
0:15 of 2nd period - Paul Stastny wins face-off versus Cody Eakin in neutral zone.
1:08 of 2nd period - Minor Penalty to Jonathan Marchessault for Hooking.
1:09 of 2nd period - Erik Haula wins face-off versus Calle Jarnkrok in ST. LOUIS Blues zone.
1:11 of 2nd period - Mikael Granlund is hit by Nick Bjugstad and loses puck.
1:16 of 2nd period - Shot by Marc Methot.
1:16 of 2nd period - Shot Misses the Net.
1:18 of 2nd period - Shot by Marc Methot.
1:18 of 2nd period - Stopped by Cam Ward without a rebound.
1:19 of 2nd period - Calle Jarnkrok wins face-off versus Erik Haula in ST. LOUIS Blues zone.
1:27 of 2nd period - Icing by Mattias Janmark.
1:28 of 2nd period - Calle Jarnkrok wins face-off versus Erik Haula in VEGAS Golden Knights zone.
1:28 of 2nd period - Calle Jarnkrok is hit by Erik Haula.
2:38 of 2nd period - Shot by Markus Granlund.
2:38 of 2nd period - Stopped by Cam Ward without a rebound.
2:39 of 2nd period - Erik Haula wins face-off versus Matt Stajan in ST. LOUIS Blues zone.
2:58 of 2nd period - Shot by Markus Granlund.
2:58 of 2nd period - Shot Misses the Net.
3:00 of 2nd period - Shot by Brendan Smith.
3:00 of 2nd period - Stopped by Cam Ward without a rebound.
3:01 of 2nd period - Victor Rask wins face-off versus Matt Stajan in ST. LOUIS Blues zone.
3:31 of 2nd period - Shot by Anders Lee.
3:31 of 2nd period - Stopped by Charlie Lindgren without a rebound.
3:32 of 2nd period - Calle Jarnkrok wins face-off versus Victor Rask in VEGAS Golden Knights zone.
4:11 of 2nd period - Shot by Sven Andrighetto.
4:11 of 2nd period - Stopped by Charlie Lindgren without a rebound.
4:12 of 2nd period - Cody Eakin wins face-off versus Claude Giroux in VEGAS Golden Knights zone.
4:33 of 2nd period - Shot by Cody Eakin.
4:33 of 2nd period - Shot Misses the Net.
6:47 of 2nd period - Shot by Calle Jarnkrok.
6:47 of 2nd period - Shot Blocked by John Moore.
6:49 of 2nd period - Shot by Calle Jarnkrok.
6:49 of 2nd period - Shot Blocked by Paul Stastny.
7:45 of 2nd period - Shot by Victor Rask.
7:45 of 2nd period - Shot Blocked by Justin Braun.
8:14 of 2nd period - Icing by Ben Lovejoy.
8:15 of 2nd period - Mikael Granlund wins face-off versus Calle Jarnkrok in ST. LOUIS Blues zone.
8:44 of 2nd period - Shot by Calle Jarnkrok.
8:44 of 2nd period - Shot Blocked by Ben Lovejoy.
8:46 of 2nd period - Shot by Calle Jarnkrok.
8:46 of 2nd period - Stopped by Cam Ward without a rebound.
8:47 of 2nd period - Antoine Roussel wins face-off versus Connor Brown in ST. LOUIS Blues zone.
9:00 of 2nd period - Shot by Antoine Roussel.
9:00 of 2nd period - Stopped by Cam Ward without a rebound.
9:01 of 2nd period - Paul Stastny wins face-off versus Matt Stajan in ST. LOUIS Blues zone.
9:10 of 2nd period - Shot by Anders Lee.
9:10 of 2nd period - Stopped by Charlie Lindgren without a rebound.
9:11 of 2nd period - Calle Jarnkrok wins face-off versus Erik Haula in VEGAS Golden Knights zone.
9:43 of 2nd period - Shot by Nick Bjugstad.
9:43 of 2nd period - Stopped by Cam Ward without a rebound.
9:44 of 2nd period - Claude Giroux wins face-off versus Cody Eakin in ST. LOUIS Blues zone.
10:07 of 2nd period - Benoit Pouliot is hit by Jonathan Marchessault and loses puck.
10:15 of 2nd period - Mikael Granlund is hit by Brendan Smith.
10:20 of 2nd period - Claude Giroux is hit by Brenden Dillon and loses puck.
10:41 of 2nd period - Shot by Marcus Johansson.
10:41 of 2nd period - Shot Misses the Net.
10:57 of 2nd period - Shot by Paul Stastny.
10:57 of 2nd period - Stopped by Charlie Lindgren without a rebound.
10:58 of 2nd period - Nick Bjugstad wins face-off versus Erik Haula in VEGAS Golden Knights zone.
11:04 of 2nd period - Calle Jarnkrok is hit by Colin Miller and loses puck.
11:25 of 2nd period - Shot by Erik Haula.
11:25 of 2nd period - Stopped by Charlie Lindgren without a rebound.
11:26 of 2nd period - Antoine Roussel wins face-off versus Paul Stastny in VEGAS Golden Knights zone.
12:00 of 2nd period - Shot by Joel Ward.
12:00 of 2nd period - Stopped by Cam Ward without a rebound.
12:01 of 2nd period - Claude Giroux wins face-off versus Calle Jarnkrok in ST. LOUIS Blues zone.
12:13 of 2nd period - Shot by Mattias Janmark.
12:13 of 2nd period - Stopped by Cam Ward without a rebound.
12:14 of 2nd period - Victor Rask wins face-off versus Matt Stajan in ST. LOUIS Blues zone.
12:23 of 2nd period - Shot by Marc Methot.
12:23 of 2nd period - Stopped by Cam Ward without a rebound.
12:24 of 2nd period - Calle Jarnkrok wins face-off versus Claude Giroux in ST. LOUIS Blues zone.
12:25 of 2nd period - Shot by Nick Bjugstad.
12:25 of 2nd period - Stopped by Cam Ward without a rebound.
12:26 of 2nd period - Calle Jarnkrok wins face-off versus Claude Giroux in ST. LOUIS Blues zone.
13:08 of 2nd period - Shot by Mattias Janmark.
13:08 of 2nd period - Shot Misses the Net.
13:19 of 2nd period - Off-side.
13:20 of 2nd period - Erik Haula wins face-off versus Antoine Roussel in neutral zone.
13:31 of 2nd period - Shot by Connor Brown.
13:31 of 2nd period - Stopped by Charlie Lindgren without a rebound.
13:32 of 2nd period - Cody Eakin wins face-off versus Victor Rask in VEGAS Golden Knights zone.
13:32 of 2nd period - Cody Eakin is hit by Sven Andrighetto.
13:40 of 2nd period - Shot by Connor Carrick.
13:40 of 2nd period - Shot Misses the Net.
13:46 of 2nd period - Shot by Victor Rask.
13:46 of 2nd period - Stopped by Charlie Lindgren with a rebound.
13:59 of 2nd period - Icing by Mike Reilly.
14:00 of 2nd period - Paul Stastny wins face-off versus Cody Eakin in VEGAS Golden Knights zone.
14:14 of 2nd period - Shot by Marcus Johansson.
14:14 of 2nd period - Shot Misses the Net.
14:28 of 2nd period - Shot by Paul Stastny.
14:28 of 2nd period - Shot Misses the Net.
14:40 of 2nd period - Paul Stastny is hit by Benoit Pouliot and loses puck.
15:27 of 2nd period - Icing by Marc Methot.
15:28 of 2nd period - Calle Jarnkrok wins face-off versus Erik Haula in VEGAS Golden Knights zone.
15:28 of 2nd period - Calle Jarnkrok is hit by Brandon Tanev.
15:33 of 2nd period - Nick Bjugstad is hit by Colin Miller and loses puck.
15:58 of 2nd period - John Moore is hit by Nick Bjugstad and loses puck.
16:08 of 2nd period - Colin Miller is hit by Marc Methot and loses puck.
17:31 of 2nd period - Icing by Oscar Klefbom.
17:32 of 2nd period - Matt Stajan wins face-off versus Victor Rask in ST. LOUIS Blues zone.
17:36 of 2nd period - Icing by Ben Lovejoy.
17:37 of 2nd period - Cody Eakin wins face-off versus Victor Rask in ST. LOUIS Blues zone.
17:41 of 2nd period - Icing by Ben Lovejoy.
17:42 of 2nd period - Calle Jarnkrok wins face-off versus Victor Rask in ST. LOUIS Blues zone.
18:09 of 2nd period - Shot by Victor Rask.
18:09 of 2nd period - Deflect By Sven Andrighetto.
18:09 of 2nd period - Stopped by Charlie Lindgren without a rebound.
18:10 of 2nd period - Claude Giroux wins face-off versus Cody Eakin in VEGAS Golden Knights zone.
18:15 of 2nd period - Shot by Jonathan Marchessault.
18:15 of 2nd period - Goal by Jonathan Marchessault - ST. LOUIS Blues : 4 - VEGAS Golden Knights : 3.
18:16 of 2nd period - Cody Eakin wins face-off versus Claude Giroux in neutral zone.
18:26 of 2nd period - P.K. Subban is hit by Benoit Pouliot and loses puck.
18:37 of 2nd period - Shot by Jonathan Marchessault.
18:37 of 2nd period - Shot Blocked by Mike Reilly.
18:58 of 2nd period - Minor Penalty to Cody Eakin for Holding.
18:59 of 2nd period - Marcus Johansson wins face-off versus Mattias Janmark in VEGAS Golden Knights zone.
19:00 of 2nd period - Shot by Oscar Klefbom.
19:00 of 2nd period - Shot Misses the Net.
19:02 of 2nd period - Shot by Oscar Klefbom.
19:02 of 2nd period - Shot Blocked by Marc Methot.
19:04 of 2nd period - Shot by Colin Miller.
19:04 of 2nd period - Stopped by Charlie Lindgren without a rebound.
19:05 of 2nd period - Paul Stastny wins face-off versus Calle Jarnkrok in VEGAS Golden Knights zone.
19:21 of 2nd period - Shot by Colin Miller.
19:21 of 2nd period - Shot Blocked by Marc Methot.
19:30 of 2nd period - Shot by Paul Stastny.
19:30 of 2nd period - Shot Blocked by Justin Braun.
19:32 of 2nd period - Shot by Colin Miller.
19:32 of 2nd period - Shot Misses the Net.
Goals for this period are 1 for ST. LOUIS Blues vs 0 for VEGAS Golden Knights.
Shots for this period are 10 for ST. LOUIS Blues vs 10 for VEGAS Golden Knights.

3rd period


0:01 of 3rd period - Claude Giroux wins face-off versus Calle Jarnkrok in neutral zone.
0:10 of 3rd period - Shot by Andrei Markov.
0:10 of 3rd period - Shot Misses the Net.
0:26 of 3rd period - Shot by Andrei Markov.
0:26 of 3rd period - Stopped by Charlie Lindgren without a rebound.
0:27 of 3rd period - Calle Jarnkrok wins face-off versus Paul Stastny in VEGAS Golden Knights zone.
0:40 of 3rd period - Shot by Paul Stastny.
0:40 of 3rd period - Shot Blocked by Justin Braun.
0:42 of 3rd period - Shot by Marcus Johansson.
0:42 of 3rd period - Stopped by Charlie Lindgren without a rebound.
0:43 of 3rd period - Calle Jarnkrok wins face-off versus Claude Giroux in VEGAS Golden Knights zone.
1:17 of 3rd period - Shot by Joel Ward.
1:17 of 3rd period - Stopped by Cam Ward without a rebound.
1:18 of 3rd period - Claude Giroux wins face-off versus Cody Eakin in ST. LOUIS Blues zone.
1:39 of 3rd period - Shot by Mikael Granlund.
1:39 of 3rd period - Shot Misses the Net.
1:41 of 3rd period - Shot by P.K. Subban.
1:41 of 3rd period - Shot Misses the Net.
1:43 of 3rd period - Shot by Andrei Markov.
1:43 of 3rd period - Shot Misses the Net.
1:47 of 3rd period - Shot by Mikael Granlund.
1:47 of 3rd period - Shot Misses the Net.
1:49 of 3rd period - Shot by Jonathan Marchessault.
1:49 of 3rd period - Shot Blocked by Justin Braun.
1:56 of 3rd period - Icing by Marc Methot.
1:57 of 3rd period - Paul Stastny wins face-off versus Cody Eakin in VEGAS Golden Knights zone.
2:00 of 3rd period - Shot by Marcus Johansson.
2:00 of 3rd period - Shot Misses the Net.
2:38 of 3rd period - Shot by Calle Jarnkrok.
2:38 of 3rd period - Stopped by Cam Ward without a rebound.
2:39 of 3rd period - Erik Haula wins face-off versus Antoine Roussel in ST. LOUIS Blues zone.
3:24 of 3rd period - Minor Penalty to Zack Kassian for Interference.
3:25 of 3rd period - Claude Giroux wins face-off versus Calle Jarnkrok in VEGAS Golden Knights zone.
3:38 of 3rd period - Shot by Oscar Klefbom.
3:38 of 3rd period - Shot Misses the Net.
3:40 of 3rd period - Shot by Oscar Klefbom.
3:40 of 3rd period - Shot Misses the Net.
3:42 of 3rd period - Shot by Oscar Klefbom.
3:42 of 3rd period - Stopped by Charlie Lindgren without a rebound.
3:43 of 3rd period - Paul Stastny wins face-off versus Calle Jarnkrok in VEGAS Golden Knights zone.
4:47 of 3rd period - Justin Braun is hit by Anders Lee and loses puck.
5:06 of 3rd period - Shot by Claude Giroux.
5:06 of 3rd period - Deflect By Jonathan Marchessault.
5:06 of 3rd period - Stopped by Charlie Lindgren without a rebound.
5:07 of 3rd period - Calle Jarnkrok wins face-off versus Claude Giroux in VEGAS Golden Knights zone.
5:07 of 3rd period - Calle Jarnkrok is hit by Jonathan Marchessault.
5:21 of 3rd period - Justin Braun is hit by Jonathan Marchessault and loses puck.
5:26 of 3rd period - Shot by P.K. Subban.
5:26 of 3rd period - Stopped by Charlie Lindgren with a rebound.
5:37 of 3rd period - Minor Penalty to Zack Kassian for Interference.
5:38 of 3rd period - Claude Giroux wins face-off versus Nick Bjugstad in VEGAS Golden Knights zone.
6:09 of 3rd period - Shot by Claude Giroux.
6:09 of 3rd period - Shot Misses the Net.
6:34 of 3rd period - Shot by Oscar Klefbom.
6:34 of 3rd period - Stopped by Charlie Lindgren with a rebound.
6:36 of 3rd period - Shot by Paul Stastny.
6:36 of 3rd period - Shot Blocked by Markus Granlund.
6:38 of 3rd period - Shot by Oscar Klefbom.
6:38 of 3rd period - Goal by Oscar Klefbom - ST. LOUIS Blues : 5 - VEGAS Golden Knights : 3.
6:39 of 3rd period - Connor Brown wins face-off versus Antoine Roussel in neutral zone.
7:55 of 3rd period - Shot by Markus Granlund.
7:55 of 3rd period - Shot Blocked by Colin Miller.
8:25 of 3rd period - Icing by Justin Braun.
8:26 of 3rd period - Nick Bjugstad wins face-off versus Paul Stastny in VEGAS Golden Knights zone.
8:35 of 3rd period - Shot by Marc Methot.
8:35 of 3rd period - Stopped by Cam Ward with a rebound.
8:37 of 3rd period - Shot by Marc Methot.
8:37 of 3rd period - Shot Misses the Net.
8:39 of 3rd period - Shot by Nick Bjugstad.
8:39 of 3rd period - Stopped by Cam Ward without a rebound.
8:40 of 3rd period - Victor Rask wins face-off versus Antoine Roussel in ST. LOUIS Blues zone.
10:12 of 3rd period - Shot by Calle Jarnkrok.
10:12 of 3rd period - Shot Blocked by Oscar Klefbom.
10:14 of 3rd period - Shot by Marc Methot.
10:14 of 3rd period - Deflect By Calle Jarnkrok.
10:14 of 3rd period - Stopped by Cam Ward with a rebound.
10:19 of 3rd period - Mattias Janmark is hit by Oscar Klefbom and loses puck.
10:52 of 3rd period - Benoit Pouliot is hit by Colin Miller.
10:53 of 3rd period - Minor Penalty to John Moore for Holding.
10:54 of 3rd period - Michael Raffl wins face-off versus Erik Haula in ST. LOUIS Blues zone.
11:23 of 3rd period - Shot by Brendan Smith.
11:23 of 3rd period - Shot Misses the Net.
11:51 of 3rd period - Shot by Victor Rask.
11:51 of 3rd period - Shot Misses the Net.
11:54 of 3rd period - Icing by Calle Jarnkrok.
11:55 of 3rd period - Calle Jarnkrok wins face-off versus Erik Haula in VEGAS Golden Knights zone.
12:00 of 3rd period - Justin Braun is hit by Mikael Granlund and loses puck.
12:18 of 3rd period - Nick Bjugstad is hit by Ben Lovejoy and loses puck.
12:37 of 3rd period - Shot by Ben Lovejoy.
12:37 of 3rd period - Stopped by Charlie Lindgren without a rebound.
12:38 of 3rd period - Erik Haula wins face-off versus Matt Stajan in VEGAS Golden Knights zone.
12:58 of 3rd period - Shot by Antoine Roussel.
12:58 of 3rd period - Shot Misses the Net.
13:12 of 3rd period - Shot by Anders Lee.
13:12 of 3rd period - Stopped by Charlie Lindgren without a rebound.
13:13 of 3rd period - Victor Rask wins face-off versus Cody Eakin in VEGAS Golden Knights zone.
13:17 of 3rd period - Victor Rask is hit by Marc Methot and loses puck.
13:38 of 3rd period - Shot by Justin Braun.
13:38 of 3rd period - Stopped by Cam Ward without a rebound.
13:39 of 3rd period - Claude Giroux wins face-off versus Calle Jarnkrok in ST. LOUIS Blues zone.
13:39 of 3rd period - Claude Giroux is hit by Nick Bjugstad.
13:51 of 3rd period - Claude Giroux is hit by Connor Carrick and loses puck.
13:54 of 3rd period - Shot by Ben Lovejoy.
13:54 of 3rd period - Stopped by Charlie Lindgren without a rebound.
13:55 of 3rd period - Erik Haula wins face-off versus Antoine Roussel in VEGAS Golden Knights zone.
14:04 of 3rd period - Shot by P.K. Subban.
14:04 of 3rd period - Stopped by Charlie Lindgren without a rebound.
14:05 of 3rd period - Calle Jarnkrok wins face-off versus Claude Giroux in VEGAS Golden Knights zone.
14:20 of 3rd period - Shot by Jonathan Marchessault.
14:20 of 3rd period - Stopped by Charlie Lindgren without a rebound.
14:21 of 3rd period - Erik Haula wins face-off versus Cody Eakin in VEGAS Golden Knights zone.
14:31 of 3rd period - Brenden Dillon is hit by Ben Lovejoy and loses puck.
14:36 of 3rd period - Shot by Brenden Dillon.
14:36 of 3rd period - Shot Misses the Net.
14:38 of 3rd period - Shot by Benoit Pouliot.
14:38 of 3rd period - Deflect By Cody Eakin.
14:38 of 3rd period - Shot Blocked by Oscar Klefbom.
14:40 of 3rd period - Shot by Brenden Dillon.
14:40 of 3rd period - Stopped by Cam Ward with a rebound.
14:42 of 3rd period - Shot by Brenden Dillon.
14:42 of 3rd period - Stopped by Cam Ward with a rebound.
14:51 of 3rd period - Shot by Markus Granlund.
14:51 of 3rd period - Shot Blocked by Erik Haula.
15:17 of 3rd period - Shot by Nick Bjugstad.
15:17 of 3rd period - Stopped by Cam Ward without a rebound.
15:18 of 3rd period - Calle Jarnkrok wins face-off versus Claude Giroux in ST. LOUIS Blues zone.
15:46 of 3rd period - Minor Penalty to Nick Bjugstad for Interference.
15:46 of 3rd period - Minor Penalty to P.K. Subban for Kneeing.
15:47 of 3rd period - Claude Giroux wins face-off versus Calle Jarnkrok in ST. LOUIS Blues zone.
16:26 of 3rd period - Ben Lovejoy is hit by Mattias Janmark.
16:27 of 3rd period - Icing by Ben Lovejoy.
16:28 of 3rd period - Paul Stastny wins face-off versus Ryan Reaves in ST. LOUIS Blues zone.
16:35 of 3rd period - Shot by Paul Stastny.
16:35 of 3rd period - Stopped by Charlie Lindgren with a rebound.
17:20 of 3rd period - Off-side.
17:21 of 3rd period - Calle Jarnkrok wins face-off versus Claude Giroux in neutral zone.
17:41 of 3rd period - Icing by Brenden Dillon.
17:42 of 3rd period - Calle Jarnkrok wins face-off versus Claude Giroux in VEGAS Golden Knights zone.
17:59 of 3rd period - Shot by Antoine Roussel.
17:59 of 3rd period - Stopped by Cam Ward without a rebound.
18:00 of 3rd period - Cody Eakin wins face-off versus Victor Rask in ST. LOUIS Blues zone.
19:21 of 3rd period - Off-side.
19:22 of 3rd period - Nick Bjugstad wins face-off versus Paul Stastny in neutral zone.
19:29 of 3rd period - Shot by Nick Bjugstad.
19:29 of 3rd period - Stopped by Cam Ward without a rebound.
19:30 of 3rd period - Anders Lee wins face-off versus Calle Jarnkrok in ST. LOUIS Blues zone.
19:30 of 3rd period - Anders Lee is hit by Calle Jarnkrok.
19:53 of 3rd period - Shot by Mattias Janmark.
19:53 of 3rd period - Deflect By Nick Bjugstad.
19:53 of 3rd period - Shot Misses the Net.
19:55 of 3rd period - Shot by Mattias Janmark.
19:55 of 3rd period - Shot Misses the Net.
Goals for this period are 1 for ST. LOUIS Blues vs 0 for VEGAS Golden Knights.
Shots for this period are 13 for ST. LOUIS Blues vs 11 for VEGAS Golden Knights.